cohdb
Replays
Latest Replays
All Replays
Popular Replays
Top Player Replays
Match Explorer
How It Works
Community
CoH3 Stats
Reddit
Sign in to upload your games and track your stats! →
Sign in with Steam
Match 39978306
Unlisted
Match 39978306
Overview
Messages
Build Orders
End
Construct Section Command Post
Vickers Machine Gun Team
ML 3-inch Mortar Team
Infantry Section
Selects Canadian Shock Battlegroup
Royal Engineer Section
Construct Field Infirmary
Selects Attacking Spirit
Selects Canadian Shock Section
Canadian Shock Section
Construct Platoon Command Post
Unlock M3 Stuart Light Tanks
M3 Stuart Light Tank
6-pounder Anti-tank Gun Team
Grenade Package
6-pounder Anti-tank Gun Team
Selects Incendiary Munitions
Selects Pyrotechnics
Construct Company Command Post
Crusader II Medium Tank
GronGrinder
Elemeno P
The Dingle Hopper
Sauzer88
[LoB]Fagio
Andreuz
0
0
Comments
sign in to comment!
No comments posted yet!